 Dungeon Crawl Stone Soup version 0.31.0-12-g77e489cdc1 (webtiles) character file.

Game seed: 12420838502556719235

174 kellington the Grave Robber (level 5, 0/11 HPs)
             Began as a Demonspawn Necromancer on Feb 21, 2024.
             Slain by an orc
             ... wielding a +0 flail
              (10 damage)
             ... on level 3 of the Dungeon.
             The game lasted 00:14:59 (1637 turns).

kellington the Grave Robber (DsNe)                  Turns: 1637, Time: 00:15:00

Health: 0/11       AC:  0    Str:  9    XL:     5   Next: 28%
Magic:  3/9        EV: 14    Int: 15    God:
Gold:   47         SH:  5    Dex: 17    Spells: 5/9 levels left

rFire   . . .        (weapon currently unavailable)
rCold   . . .        (shield currently unavailable)
rNeg    . . .        j - melded +2 leather armour of Wariness {rPois rCorr Str+3}
rPois   .            (no helmet)
rElec   .            (no cloak)
rCorr   .            (no gloves)
SInv    .            (no boots)
Will    .....        h - amulet of reflection
Stlth   ++           k - ring of flight
HPRegen 0.21/turn    (no ring)
MPRegen 0.11/turn

%: reflection
@: flux-form, flying, hasted, glowing, constricted, very quick
A: glow, contaminating, reduced hp, thin skeletal structure 1, demonic touch 1
a: Begin Untransformation


You were on level 3 of the Dungeon.
You were something dangerously unstable.
You visited 1 branch of the dungeon, and saw 3 of its levels.

You collected 47 gold pieces.

Inventory:

Hand Weapons
 d - a +0 sling
Armour
 a - a +0 robe
 j - the +2 leather armour of Wariness (melded) {rPois rCorr Str+3}
   (You found it on level 2 of the Dungeon)

   Str+3:     It affects your strength (+3).
   rPois:     It protects you from poison rCorr: It protects you from acid and
   corrosion.
Jewellery
 h - an amulet of reflection (around neck)
 k - a ring of flight (left hand)
Talismans
 m - a flux talisman (active)
Scrolls
 f - 2 scrolls of fog
 i - a scroll of fear {unknown}
 o - a scroll of brand weapon {unknown}
Potions
 b - a potion of magic
 c - 2 potions of curing
 g - a potion of might {unknown}
 n - a potion of degeneration {unknown}


   Skills:
 - Level 0.4 Armour
 * Level 2.4 Dodging
 + Level 2.1 Stealth
 - Level 0.2 Shields
 + Level 2.9 Spellcasting
 * Level 6.0 Necromancy
 * Level 0.3 Shapeshifting


You had 5 spell levels left.
You knew the following spells:

 Your Spells              Type           Power      Damage    Failure   Level
a - Necrotise             Necr           80%        1d8       1%          1
b - Vampiric Draining     Necr           20%        2d7       4%          3

Your spell library contained the following spells:

 Spells                   Type           Power      Damage    Failure   Level
 Animate Dead             Necr           20%        N/A       17%         4
 Curse of Agony           Necr           20%        N/A       43%         5


Dungeon Overview and Level Annotations

Branches:
Dungeon (3/15)

Altars:

Shops:
D:1 [   D:2 (


Innate Abilities, Weirdness & Mutations

You are something dangerously unstable.
You glow with magical radiation, making you easy to see and hit.
Foes you strike become dangerously contaminated with magical radiation.
Your maximum health is decreased, since you lack skill for your form.
You are incapable of wielding weapons or throwing items.
You have a somewhat thin skeletal structure. (Dex +2, Stealth+)
Your touch may inflict minor irresistible damage on your foes.


Message History

You hit the gnoll but do no damage.
The gnoll shudders as magic cascades through it.
The gnoll twists and deforms.
The gnoll is heavily wounded.
The gnoll closely misses you. You block the gnoll's attack.
You hit the gnoll.
The gnoll begins to glow.
The gnoll is severely wounded.
The gnoll misses you. x2
You hit the gnoll.
The gnoll glows dangerously bright.
You touch the gnoll.
You kill the gnoll!
Things that are here:
a +0 rapier; a +0 whip; a gnoll corpse
Casting: Necrotise (safe; 1% risk of failure)
Confirm with . or Enter, or press ? or * to list all spells.
Aiming: Vampiric Draining (astonishingly dangerous; 5% risk of failure)
Press: ? - help, Shift-Dir - straight line, f - gnoll
Aim: a gnoll, wielding a +0 whip You draw life force from the gnoll!
You feel life coursing into your body.
A ball python comes into view.
The gnoll barely misses you.
The ball python hisses angrily.
You hit the gnoll but do no damage.
The gnoll begins to glow.
The gnoll is severely wounded.
You hit the gnoll but do no damage.
The gnoll glows dangerously bright.
The gnoll is severely wounded.
The gnoll closely misses you.
You hit the gnoll but do no damage.
The gnoll shudders as magic cascades through it.
You kill the gnoll!
Your Necromancy skill increases to level 6!
You closely miss the orc. You hit the orc but do no damage.
The orc begins to glow.
You touch the orc!
You kill the orc!
Items here: ))) †.
You closely miss the orc. The orc closely misses you.
You hit the orc but do no damage.
The orc begins to glow.
You block the ball python's attack. The ball python grabs you.
The ball python constricts you. The orc hits you with a +0 flail!
Ouch! That really hurt!
You die...

# #.#..# #.##.#..#
#.......# #...#
##..# #.g#
#.########.## #.<#
#............ #o.#
#S# #####..# #p#
.o..o..#########o#
#####.......o...o#
##############


You could see 2 orcs and a ball python.

Vanquished Creatures
  Natasha (thrice) (D:2)
  3 gnolls (D:3)
  An adder (D:2)
  A dart slug (D:1)
  3 ribbon worms (D:2)
  2 orcs (D:3)
  A ball python (D:1)
  2 endoplasms
  2 giant cockroaches (D:1)
  4 goblins
  4 hobgoblins (D:1)
  4 jackals (D:2)
  2 quokkas
  10 bats
  A frilled lizard (D:1)
  4 kobolds
  A rat (D:2)
48 creatures vanquished.

Vanquished Creatures (collateral kills)
  An endoplasm (D:1)
  A hobgoblin (D:1)
  A kobold (D:1)
  A rat (D:1)
4 creatures vanquished.

Grand Total: 52 creatures vanquished

Notes
Turn   | Place    | Note
-------+----------+-------------------------------------------
     0 | D:1      | kellington the Demonspawn Necromancer began the quest for
                  | the Orb.
     0 | D:1      | Reached XP level 1. HP: 13/13 MP: 3/3
   156 | D:1      | Gained mutation: You have a somewhat thin skeletal
                  | structure. (Dex +2, Stealth+) [demonic ancestry]
   156 | D:1      | Reached XP level 2. HP: 7/19 MP: 0/5
   402 | D:1      | Reached skill level 5 in Necromancy
   447 | D:1      | Gained mutation: Your touch may inflict minor irresistible
                  | damage on your foes. [demonic ancestry]
   447 | D:1      | Reached XP level 3. HP: 20/24 MP: 1/6
   509 | D:1      | Found Qymemi's Antique Armour Shop.
   862 | D:2      | Learned a level 3 spell: Vampiric Draining
   874 | D:2      | Noticed Natasha
   884 | D:2      | Killed Natasha
   940 | D:2      | Identified the +2 leather armour of Wariness {rPois rCorr
                  | Str+3}
   975 | D:2      | Reached XP level 4. HP: 29/30 MP: 2/7
   976 | D:2      | Found Puoc's Weapon Boutique.
   979 | D:2      | Noticed Natasha
   989 | D:2      | Killed Natasha
   996 | D:2      | Noticed Natasha
  1030 | D:2      | Killed Natasha
  1422 | D:2      | Reached XP level 5. HP: 4/35 MP: 9/9
  1633 | D:3      | Reached skill level 6 in Necromancy
  1637 | D:3      | Slain by an orc

Illustrated notes

Levels and vault maps discovered:
D:1:      ebering_trefoil_3fold, layout_loops_cross, serial_shops, shop,
          minmay_indecisive_spiral
D:2:      layout_loops_ring, serial_shops, nicolae_shop_bloodbath_and_beyond,
          uniq_natasha
D:3:      layout_loops_ring

Skill      XL: |  1  2  3  4  5 |
---------------+----------------+-----
Stealth        | 2 |  2.1
Necromancy     | 5 6 |  6.0
Dodging        | 2 |  2.4
Armour         | |  0.4
Shields        | |  0.2
Spellcasting   | |  2.9
Shapeshifting  | |  0.3

Action                     |  1- 3 |  4- 6 || total
---------------------------+-------+-------++-------
  Melee: Unarmed           |    50 |    53 ||   103
         Punch             |     2 |       ||     2
         Touch             |     6 |    12 ||    18
  Throw: Stone             |     7 |       ||     7
   Cast: Necrotise         |    44 |    25 ||    69
         Vampiric Draining |       |     1 ||     1
    Use: Scroll            |     5 |     1 ||     6
         Potion            |       |     4 ||     4
 Armour: Robe              |    73 |       ||    73
         Leather armour    |     1 |    36 ||    37
         Skin              |       |     9 ||     9
  Dodge: Dodged            |    98 |    44 ||   142
  Block: Other             |     5 |    13 ||    18
   Form: Flux              |       |     1 ||     1
